 Dungeon Crawl Stone Soup version 0.24.1-14-gf8d2b509d9 (webtiles) character file.

Game seed: 3369885059460902100, levelgen mode: deterministic

113 Peloso the Shield-Bearer (level 4, -2/28 HPs)
             Began as a Vampire Fighter on May 27, 2020.
             Slain by a gnoll
             ... wielding a +0 halberd
              (11 damage)
             ... on level 2 of the Dungeon.
             The game lasted 00:06:14 (1431 turns).

Peloso the Shield-Bearer (Vampire Fighter)          Turns: 1431, Time: 00:06:15

Health: -2/28      AC:  7    Str: 15 (16) XL:     4   Next: 65%
Magic:  4/4        EV:  7    Int:  8 (10) God:
Gold:   86         SH:  8    Dex: 11 (13) Spells: 3/3 levels left

rFire    . . .     SeeInvis +   a - +0 long sword
rCold    + + .     Gourm    .   c - +0 shield
rNeg     + + +     Faith    .   b - +0 scale mail
rPois    ∞         Spirit   .   (no helmet)
rElec    .         Reflect  .   (no cloak)
rCorr    .         Harm     .   k - +0 pair of gloves
MR       .....                  (no boots)
Stlth    ++........             (no amulet)
HPRegen  0.00/turn              (no ring)
MPRegen  0.09/turn              (no ring)

@: bloodless
A: no food, fangs 3, see invisible, unbreathing
a: Bat Form, Revivify


You were on level 2 of the Dungeon.
You were bloodless.

You visited 1 branch of the dungeon, and saw 2 of its levels.

You collected 86 gold pieces.

Inventory:

Hand Weapons
 a - a +0 long sword (weapon)
Armour
 b - a +0 scale mail (worn)
 c - a +0 shield (worn)
 k - a +0 pair of gloves (worn)
Scrolls
 f - a scroll of amnesia {unknown}
 g - a scroll of identify {unknown}
Potions
 d - a potion of might
 e - a potion of lignification {unknown}
 h - a potion of heal wounds


   Skills:
 + Level 3.1 Fighting
 + Level 3.0 Long Blades
 + Level 3.0 Armour
 + Level 1.0 Dodging
 + Level 0.3 Stealth
 + Level 3.5 Shields


You had 3 spell levels left.
You didn't know any spells.
Your spell library was empty.

Dungeon Overview and Level Annotations

Branches:
Dungeon (2/15)

Altars:


Innate Abilities, Weirdness & Mutations

You do not eat.
You do not regenerate when monsters are visible.
You are frail without blood (-20% HP).
You can heal yourself when you bite living creatures.
You are immune to poison.
You have razor-sharp teeth.
You have supernaturally acute eyesight. (SInv)
You can survive without breathing.


Message History

You kill the gnoll!
You feel your strength returning.
Your Long Blades skill increases to level 3!
Your Armour skill increases to level 3!
Your Dodging skill increases to level 1!
h - a potion of heal wounds
Things that are here:
a +0 club; a +0 spear
Things that are here:
a +0 scale mail; a +0 flail
There is a stone staircase leading down here.
You start resting.
HP restored.
You climb downwards.
The gnoll hits you from afar with a +0 halberd.
There is a stone staircase leading up here.
The gnoll hits you with a +0 halberd!
You closely miss the gnoll. The gnoll hits you with a +0 halberd!
You barely miss the gnoll. The gnoll hits you with a +0 halberd!
You die...

..........# ##..<...##...#
..........#######...###...###
....g.....##.....##..##......
.........###.....###.####..##
.##....g###......# #.##...##
#####g# #......###.##.#####
#.# #..................
#####.###..g...###=#.......
##...#.....@..........######
##...).....<.....###..##
#............##### ##.##
#............# #..# #
#...........(#########.#####.
##...........................
##...##....######...........
#######...........##(###.##
######........#########.###.#


You could see a gnoll.

Vanquished Creatures
  Terence (D:1)
  3 gnolls
  An adder (D:2)
  A worm (D:2)
  A dart slug (D:1)
  2 leopard geckos (D:1)
  4 bats
  4 giant cockroaches
  9 goblins
  A hobgoblin (D:2)
  9 kobolds
  5 frilled lizards
  5 rats
46 creatures vanquished.

Notes
Turn   | Place    | Note
-------+----------+-------------------------------------------
     0 | D:1      | Peloso the Vampire Fighter began the quest for the Orb.
     0 | D:1      | Reached XP level 1. HP: 17/17 MP: 1/1
    55 | D:1      | Reached XP level 2. HP: 23/23 MP: 2/2
   297 | D:1      | Reached XP level 3. HP: 28/28 MP: 3/3
   626 | D:2      | Noticed Terence
   643 | D:1      | Killed Terence
   643 | D:1      | Reached XP level 4. HP: 13/28 MP: 4/4
  1387 | D:1      | Reached skill level 1 in Dodging
  1431 | D:2      | Slain by a gnoll

Levels and vault maps discovered:
D:1:      doesnt_arrival_eight_statues, layout_rooms, serial_curves,
          eino_curves_01, eino_curves_04
D:2:      layout_rooms, chequers_ecumenical_altar_lobes, uniq_terence

Skill      XL: |  1  2  3  4 |
---------------+-------------+-----
Shields        | 3 |  3.5
Fighting       | 3 |  3.1
Long Blades    | 3 |  3.0
Armour         | 3 |  3.0
Dodging        | 1 |  1.0
Stealth        | |  0.3

Action                   |  1- 3 |  4- 6 || total
-------------------------+-------+-------++-------
Melee: Long sword        |   100 |    28 ||   128
       Bite              |    12 |     3 ||    15
 Abil: Exsanguinate      |     1 |       ||     1
       End Transformatio |       |     1 ||     1
       Bat Form          |       |     1 ||     1
  Use: Potion            |     3 |       ||     3
       Scroll            |     2 |       ||     2
 Stab: Sleeping          |     1 |       ||     1
Armor: Scale mail        |    65 |    12 ||    77
Dodge: Dodged            |    30 |     7 ||    37
Block: Shield            |    62 |    10 ||    72
       Rpst.: Long sword |    16 |     4 ||    20
